Unix NetHack Version 5.0.0-0 post-release - last build May 23 2026 06:08:33 (1c0ff79ee797540d5714e4e18072db0edd9e58ae,branch:main).

Game began 2026-05-26 20:57:39, ended 2026-05-26 21:20:13.

CyberFan, lawful female dwarven Archeologist

                                                                ------------
                                               ----------#######-........e@|
      ------               --------            |.....{..|#      |........a.|
      |....-#              +......-#           |........|#      |..........|
      |....|#              |......|#         ##.........|#      +..........|
      |....|####           -|------#         ##------.---#      |..........|
      |....|   #            #     ##         ##   ########      ----.-------
      |....|  #####         #     #         #######  #              #
      |....-######         ##     #     #######      #              #
      ------     #     #####      #     #  ##        #            ###
                 #  ---.-------   #     #            #           -.------
                 ###-.........|   #     ##0 #    ----.---        |......|
                    |.........|   # ########     |......|        |......|
                    |.........|0#####   #        |......|        |......|
                    |.........|   #     #        |......|        |......|
                    |.........|   #-----#        |......|        |......|
                    |.........|   #...<|#        --------        --------
                    -----------    |....#
                                   -----

CyberFan the Field Worker  St:14 Dx:9 Co:13 In:16 Wi:16 Ch:11  Lawful
Dlvl:3  $:731 HP:0(48) Pw:13(13) AC:3  Xp:5/166 T:3830 

Latest messages:
 The hill orc wields a crude dagger!
 You miss the hill orc.
 The hill orc swings her curved sword.
 The hill orc misses!
 The hill orc misses!
 You lash the hill orc.
 The hill orc hits!
 The hill orc thrusts her crude dagger.
 The hill orc misses!
 You lash the hill orc.
 The hill orc swings her curved sword.
 The hill orc hits!
 The hill orc hits!
 The hill orc thrusts her crude dagger.
 The hill orc misses!
 You kill the hill orc!
 Welcome to experience level 5.
 You feel stealthy!
 The hill orc swings her curved sword.
 The hill orc hits!
 The hill orc throws a thonged club!
 The thonged club misses the hill orc.
 You are hit by a thonged club!
 The hill orc thrusts her crude dagger.
 The hill orc hits!
 You climb up the stairs.
 You stop waiting.
 You lash the floating eye.
 You are frozen by the floating eye's gaze!
 The giant ant bites!
 The giant ant bites!
 The giant ant bites!
 The giant ant bites!
 The giant ant bites!
 The giant ant bites!
 The giant ant bites!
 The giant ant bites!
 The giant ant bites!
 The giant ant bites!
 The giant ant bites!
 The giant ant bites!
 The giant ant bites!
 The giant ant bites!
 The giant ant just misses!
 The giant ant bites!
 The giant ant bites!
 The giant ant bites!
 The giant ant bites!
 The giant ant bites!
 You die...

Inventory:
 Coins    ('$')
  $ - 731 gold pieces
 Weapons  (')')
  a - an uncursed +2 bullwhip (weapon in right hand)
 Armor    ('[')
  c - an uncursed +0 fedora (being worn)
  z - an uncursed +0 oilskin cloak (being worn)
  p - a cursed -1 Hawaiian shirt with a sailboat motif named cursed
  i - an uncursed +0 banded mail (being worn)
 Comestibles  ('%')
  d - 3 uncursed food rations
  n - an uncursed fortune cookie
 Scrolls  ('?')
  L - an uncursed scroll of identify
 Potions  ('!')
  E - an uncursed potion of acid
  B - an uncursed potion of fruit juice
  M - an uncursed potion of object detection
 Rings    ('=')
  k - an uncursed ring of conflict
  j - a blessed +1 ring of gain constitution (on right hand)
 Wands    ('/')
  u - an uncursed wand of magic missile (0:5)
 Tools    ('(')
  h - an empty uncursed sack
  x - an uncursed magic lamp
  I - an uncursed oil lamp
  G - an uncursed skeleton key
  f - an uncursed tinning kit (0:75)
 Gems/Stones  ('*')
  q - 2 uncursed citrine stones
  g - an uncursed touchstone

CyberFan the Archeologist's attributes:

Background:
 You were a Field Worker, a level 5 female dwarven Archeologist.
 You were lawful, on a mission for Quetzalcoatl
 who was opposed by Camaxtli (neutral) and Huhetotl (chaotic).
 You were right-handed.
 You were in the Dungeons of Doom, on level 3.
 You entered the dungeon 3830 turns ago.
 You had 166 experience points, 154 more were needed to attain level 6.

Basics:
 You had 0 out of 48 hit points.
 You had all 13 energy points (spell power).
 Your armor class was 3.
 Your wallet contained 731 zorkmids.
 Autopickup was on for '$%?!"=/*', with exceptions.

Final Characteristics:
 Your strength was 14 (limit:18/100).
 Your dexterity was 9 (limit:20).
 Your constitution was 13 (base:12, limit:20).
 Your intelligence was 16 (limit:16).
 Your wisdom was 16 (limit:16).
 Your charisma was 11 (limit:16).

Final Status:
 You weren't hungry.
 You were unencumbered.
 You were wielding a whip.
 You had basic skill with whip.

Final Attributes:
 You were piously aligned.
 You had automatic searching.
 You had infravision.
 You were stealthy.
 You were guarded.
 You were lucky.
 You are dead.

Miscellaneous:
 You disabled loading and storing of bones levels.
 Total elapsed playing time was 22 minutes and 33 seconds.

Major events:
 Turn
    1: CyberFan the lawful female dwarven Archeologist entered the dungeon
 1110: entered the Gnomish Mines
 2220: reached Mine Town
 2250: attained the rank of Field Worker (level 3)
 3830: killed by a giant ant, while frozen by a floating eye's gaze

You didn't know any spells.

Skills:
 Fighting Skills
   bare handed combat [Unskilled]
   two weapon combat  [Unskilled]
   riding             [Unskilled]
 Weapon Skills
   dagger             [Unskilled]
   knife              [Unskilled]
   pick-axe           [Basic]
   short sword        [Unskilled]
   saber              [Unskilled]
   club               [Basic]
   quarterstaff       [Unskilled]
   sling              [Unskilled]
   dart               [Unskilled]
   boomerang          [Unskilled]
   whip               [Basic]
   unicorn horn       [Unskilled]
 Spellcasting Skills
   attack spells      [Unskilled]
   healing spells     [Unskilled]
   divination spells  [Unskilled]
   matter spells      [Unskilled]

Voluntary challenges:
 Character rerolling was not enabled.
 You never genocided any monsters.
 You never polymorphed an object.
 You never changed form.
 You used no wishes.
Achievements:
 You entered the Gnomish Mines.
 You entered a shop.
 You entered Minetown.
 You attained the rank of Field Worker.
 You entered a temple.

 The Dungeons of Doom: levels 1 to 5
    Level 1:
    Level 2:
    Level 3: <- You were here.
       A fountain.
       Final resting place for
          you, killed by a giant ant, while frozen by a floating eye's gaze.
    Level 4:
       A general store, a fountain.
       Stairs down to The Gnomish Mines.
    Level 5:
 The Gnomish Mines: levels 5 to 7
    Level 5:
    Level 6:
    Level 7:
       Many shops, a temple and an altar, some fountains, a sink.


Vanquished creatures:
  2 rock moles
  a shrieker
  2 gnome leaders
  a gray ooze
  a floating eye
  a kitten
  a kobold leader
  2 hill orcs
  a giant bat
  4 monkeys
  2 coyotes
  a hobbit
  2 cave spiders
  2 green molds
  9 gnomes
  a gnome zombie
  2 geckos
  3 jackals
  a fox
  5 grid bugs
  a bat
  2 lichens
  3 kobold zombies
  5 newts
55 creatures vanquished.

No species were genocided or became extinct.

Game over:
                       ----------
                      /          \
                     /    REST    \
                    /      IN      \
                   /     PEACE      \
                  /                  \
                  |     CyberFan     |
                  |      731 Au      |
                  |   killed by a    |
                  |    giant ant     |
                  |                  |
                  |                  |
                  |       2026       |
                 *|     *  *  *      | *
        _________)/\\_//(\/(/\)/\//\/|_)_______

Goodbye CyberFan the Archeologist...

You died in The Dungeons of Doom on dungeon level 3 with 1622 points,
and 731 pieces of gold, after 3830 moves.
You were level 5 with a maximum of 48 hit points when you died.

